cohdb
Replays
Latest Replays
All Replays
Popular Replays
Top Player Replays
Match Explorer
How It Works
Community
CoH3 Stats
Reddit
Sign in to upload your games and track your stats! →
Sign in with Steam
Match 41037633
Unlisted
Match 41037633
Overview
Messages
Build Orders
End
Construct Section Command Post
Vickers Machine Gun Team
Selects Indian Artillery Battlegroup
Infantry Section
ML 3-inch Mortar Team
Grenade Package
Infantry Section
Selects Towed ML 4.2-inch Heavy Mortar
Towed ML 4.2-inch Heavy Mortar
Construct Field Infirmary
Vickers Machine Gun Team
Construct Platoon Command Post
6-pounder Anti-tank Gun Team
Humber Armored Car
Infantry Section
BIG FAT TONY
ResidentCloakingCommie
改个名字
t48football
j3rkface
+UnWD+ LT. M
JamesB0ndjr
JR1
0
0
Comments
sign in to comment!
No comments posted yet!